 Dungeon Crawl Stone Soup version 0.18-a0-775-g4d9e04e (webtiles) character file.

382 JokEr the Skirmisher (level 6, 0/41 HPs)
             Began as a Gargoyle Fighter on Dec 13, 2015.
             Killed by nerve-wracking pain
             ... invoked by an orc priest
              (11 damage)
             ... on level 4 of the Dungeon.
             The game lasted 00:04:59 (3033 turns).

JokEr the Skirmisher (Gargoyle Fighter)             Turns: 3033, Time: 00:05:01

Health: 0/41       AC: 12    Str: 24    XL:     6   Next: 76%
Magic:  6/6        EV:  7    Int:  8    God:
Gold:   159        SH:  0    Dex:  9    Spells: 0 memorised, 5 levels left

rFire  . . .     SeeInvis .     a - +1 flail
rCold  . . .     Clarity  .     j - +0 scale mail
rNeg   + . .     SustAt   .     c - +0 shield
rPois  ∞         Gourm    .     r - +0 helmet
rElec  +         Spirit   .     (no cloak)
rCorr  .         Dismiss  .     (no gloves)
rMut   .         Stasis   .     (no boots)
MR     .....                    (no amulet)
Stlth  ..........               (no ring)
                                s - +2 ring of strength

@: confused, not resistant to hostile enchantments, extremely unstealthy
A: negative energy resistance 1, electricity resistance, unbreathing,
petrification resistance, rot immunity, AC +4
a: no special abilities


You were on level 4 of the Dungeon.
You were very hungry.

You visited 1 branch of the dungeon, and saw 4 of its levels.

You collected 159 gold pieces.

Inventory:

Hand Weapons
 a - a +1 flail (weapon)
Armour
 b - a +0 scale mail
 c - a +0 shield (worn)
 j - a +0 scale mail (worn)
 r - a +0 helmet (worn)
Jewellery
 n - a cursed ring of loudness
 s - a +2 ring of strength (left hand)
Scrolls
 e - 2 scrolls of amnesia
 l - a scroll of recharging
 o - a scroll of remove curse
 x - a scroll of blinking
Potions
 d - a potion of might
 g - 3 potions of curing
 h - 2 potions of ambrosia {unknown}
 i - a potion of magic {unknown}
 k - 3 potions of heal wounds {unknown}
 t - 2 potions of agility {unknown}
 v - a potion of lignification {unknown}
Comestibles
 f - 2 bread rations
 p - 2 meat rations
 u - a beef jerky
 w - a royal jelly


   Skills:
 + Level 6.0 Fighting
 + Level 5.2 Maces & Flails
 - Level 3.2 Armour
 - Level 3.2 Shields


You had 5 spell levels left.
You didn't know any spells.

Dungeon Overview and Level Annotations

Branches:
Dungeon (4/15)
 Temple: D:4-7

Altars:
Kikubaaqudgha
Nemelex Xobeh
Yredelemnul


Innate Abilities, Weirdness & Mutations

You are resistant to torment.
Your stone body is resilient (AC +4).
You are immune to poison.
You resist negative energy.
You are resistant to electric shocks.
You can survive without breathing.
You are immune to petrification.
You are immune to rotting.


Message History

The orc priest calls down the wrath of Beogh upon you.
Something smites you!
* * * LOW HITPOINT WARNING * * *
You see here a scorpion corpse.
The orc wizard casts a spell at you.
You are confused.
You hear some strange, mumbled words.
You are more confused.
You bump into the rock wall.
You hear some strange, mumbled words.
You are more confused.
The orc hits you but does no damage.
You're too confused to move!
The orc wizard hits the withered plant but does no damage.
Something hits you but does no damage.
The orc wizard gestures wildly while chanting.
The orc wizard flickers and vanishes!
The orc priest invokes the aid of Beogh against you.
Pain shoots through your body!
You die...

.#.............
?..............
.P............
P............ .
♣♣♣ #...........
P.♣♣.P
#).P.P......
♣..P.###.._.......
..P...#o{PoP......
#....@o{.......
P...#.<###........
#.......###.......
#.......# #......
#......... ##....
#.........# #...
........... ##.
............
............#


You could see an orc priest, an orc wizard and an orc.

Vanquished Creatures
  A scorpion (D:4)
  The ghost of JokEr the Poker, a weakling MfSk (D:3)
  An orc priest (D:3)
  2 orc wizards (D:3)
  Jessica (D:2)
  9 adders
  An ooze (D:3)
  3 worms
  5 orcs (D:3)
  2 ball pythons
  5 giant cockroaches
  10 goblins
  7 hobgoblins
  15 jackals
  2 bats
  2 giant newts
  9 kobolds
  7 rats
83 creatures vanquished.

Notes
Turn   | Place    | Note
--------------------------------------------------------------
     0 | D:1      | JokEr the Gargoyle Fighter began the quest for the Orb.
     0 | D:1      | Reached XP level 1. HP: 14/14 MP: 1/1
   176 | D:1      | Reached XP level 2. HP: 19/19 MP: 2/2
   697 | D:1      | Found a sparkling altar of Nemelex Xobeh.
   731 | D:1      | Reached XP level 3. HP: 24/24 MP: 3/3
   907 | D:2      | Reached skill level 4 in Fighting
  1091 | D:2      | Reached XP level 4. HP: 25/30 MP: 4/4
  1188 | D:2      | Noticed Jessica
  1194 | D:2      | Killed Jessica
  1272 | D:2      | Reached XP level 5. HP: 30/34 MP: 5/5
  1457 | D:2      | Found an ancient bone altar of Kikubaaqudgha.
  1736 | D:3      | Reached skill level 5 in Fighting
  1916 | D:3      | Noticed JokEr's ghost (weakling MfSk)
  1931 | D:3      | Killed JokEr's ghost
  1942 | D:3      | Reached XP level 6. HP: 10/40 MP: 6/6
  2650 | D:3      | Reached skill level 5 in Maces & Flails
  3012 | D:4      | Found a basalt altar of Yredelemnul.
  3029 | D:4      | Reached skill level 6 in Fighting
  3033 | D:4      | Killed from afar by an orc priest

Vault maps used:
D:1:      dpeg_arrival_simpleton_b, nemelex_diamond_rough_becter
D:2:      lemuel_upstairs_altar, lemuel_doored_altar, minmay_fountain_box,
          uniq_jessica
D:4:      yredelemnul_altar_generic, serial_forest, infiniplex_forest_side_room,
          infiniplex_forest_clump_diagonal, infiniplex_forest_straight_2,
          infiniplex_forest_clump_tiny, infiniplex_forest_lined_2,
          infiniplex_forest_fountain, infiniplex_forest_join,
          infiniplex_forest_clump_long, minivault_23

Action                   |  1- 3 |  4- 6 || total
-------------------------+-------+-------++-------
Melee: Flail             |   130 |   205 ||   335
  Use: Scroll            |     5 |     6 ||    11
  Eat: Chunk             |     1 |     1 ||     2
       Bread ration      |       |     1 ||     1
